 Dungeon Crawl Stone Soup version 0.17.1-2-g5865329 (console) character file.

60 lauthentik the Stinger (level 3, -1/19 HPs)
             Began as a Deep Elf Venom Mage on Jan 20, 2016.
             Killed from afar by Sigmund (6 damage)
             ... with a puff of flame
             ... on level 2 of the Dungeon on Feb 8, 2016.
             The game lasted 00:10:43 (1624 turns).

lauthentik the Stinger (Deep Elf Venom Mage)        Turns: 1624, Time: 00:10:43

Health: -1/19      AC:  7    Str:  5    XL:     3   Next: 80%
Magic:  5/10       EV: 13    Int: 20    God:
Gold:   158        SH:  0    Dex: 15    Spells: 2 memorised, 7 levels left

rFire  . . .     SeeInvis .     j - +0 mace (protect)
rCold  . . .     Clarity  .     a - +0 robe
rNeg   . . .     SustAt   .     (no shield)
rPois  .         Gourm    .     (no helmet)
rElec  .         Spirit   .     (no cloak)
rCorr  .         Warding  .     (no gloves)
rMut   .         Stasis   .     (no boots)
MR     .....                    (no amulet)
Stlth  ++........               (no ring)
                                (no ring)

@: not resistant to hostile enchantments, unstealthy
A: no striking features
a: no special abilities


You were on level 2 of the Dungeon.
You were not hungry.

You visited 1 branch of the dungeon, and saw 2 of its levels.

You collected 158 gold pieces.

Inventory:

Hand Weapons
 e - a +0 short sword
 j - a +0 mace of protection (weapon)
Armour
 a - a +0 robe (worn)
Scrolls
 k - 2 scrolls of fog {unknown}
 l - a scroll of enchant weapon {unknown}
 m - a scroll of noise {unknown}
 p - a scroll of teleportation {unknown}
Potions
 d - 3 potions of curing {unknown}
 f - 2 potions of degeneration {unknown}
 h - a potion of haste {unknown}
 i - a potion of ambrosia {unknown}
 o - a potion of mutation {unknown}
Books
 b - a Young Poisoner's Handbook

   Spells                             Type                      Level
   a - Sting                          Conjuration/Poison           1
   b - Cure Poison                    Poison                       2
   c - Mephitic Cloud                 Conjuration/Poison/Air       3
   d - Olgreb's Toxic Radiance        Poison                       4
   e - Venom Bolt                     Conjuration/Poison           5
 n - a book of Geomancy

   Spells                             Type                      Level
   a - Sandblast                      Earth                        1
   b - Stoneskin                      Transmutation/Earth          2
   c - Passwall                       Transmutation/Earth          3
   d - Stone Arrow                    Conjuration/Earth            3
   e - Petrify                        Transmutation/Earth          4
   f - Lee's Rapid Deconstruction     Earth                        5
Comestibles
 c - a bread ration
 g - a beef jerky


   Skills:
 + Level 0.2 Maces & Flails
 + Level 3.0 Dodging
 + Level 2.7 Stealth
 + Level 3.7 Spellcasting
 + Level 0.9 Conjurations
 + Level 5.0 Poison Magic


You had 7 spell levels left.
You knew the following spells:

 Your Spells              Type           Power        Failure   Level  Hunger
a - Sting                 Conj/Pois      ###.         4%          1    None
b - Sandblast             Erth           #.....       17%         1    None


Dungeon Overview and Level Annotations

Branches:
Dungeon (2/15)

Altars:
Cheibriados
Nemelex Xobeh
Okawaru
Sif Muna

Annotations:
D:2 Sigmund


Message History

You feel less confused. Sigmund misses you.
Casting: Sting
Confirm with . or Enter, or press ? or * to list all spells.
Aiming: Sting
Press: ? - help, Shift-Dir - straight line, f - Sigmund
Aim: Sigmund, wielding a scythe and wearing a robe The sting hits Sigmund.
Sigmund is poisoned.
Sigmund is lightly wounded.
Sigmund casts a spell at you.
You are confused.
You're too confused to move!
Sigmund closely misses you.
You bump into the rock wall.
Sigmund barely misses you.
You bump into the rock wall.
Sigmund hits you but does no damage.
You miss Sigmund.
Sigmund is moderately wounded.
You feel less confused. Sigmund casts a spell at you.
The puff of flame hits you!
You die...

#####).........## #
#.........(.. ##
##.........#
.###..........#
###...#.♣.♣.#.#
.#............#
#.##..♣.♣.♣.♣.##
.##......_.....###
###...♣.♣.♣.♣...@####
#...#.........(#.@..## #
#.###.#.♣.♣.#.......†###
#.## ..#
#.........#####....#
..... .## #########..
##...#...... .# ##.#
#..$....... ## .#
#...#...).. .# #...#
..... ## #...# ....


You could see Sigmund.

Vanquished Creatures
  An adder (D:2)
  An ooze (D:2)
  A giant gecko (D:2)
  4 giant cockroaches
  7 goblins
  6 hobgoblins
  A quokka (D:2)
  5 bats
  4 giant newts
  6 kobolds
  9 rats
45 creatures vanquished.

Notes
Turn   | Place    | Note
--------------------------------------------------------------
     0 | D:1      | lauthentik the Deep Elf Venom Mage began the quest for the Orb.
     0 | D:1      | Reached XP level 1. HP: 10/10 MP: 6/6
   228 | D:1      | Reached XP level 2. HP: 15/15 MP: 2/8
  1080 | D:2      | Found an iron altar of Okawaru.
  1087 | D:2      | Reached skill level 5 in Poison Magic
  1135 | D:2      | Found a snail-covered altar of Cheibriados.
  1162 | D:2      | Reached XP level 3. HP: 19/19 MP: 5/9
  1212 | D:2      | Learned a level 1 spell: Sandblast
  1534 | D:2      | Found a deep blue altar of Sif Muna.
  1535 | D:2      | Found a sparkling altar of Nemelex Xobeh.
  1602 | D:2      | Noticed Sigmund
  1624 | D:2      | Killed from afar by Sigmund

Action                   || total
-------------------------++-------
Melee: Short sword       ||     5
       Mace              ||    52
 Cast: Sting             ||    78
       Sandblast         ||     2
  Eat: Chunk             ||     2
